 Dungeon Crawl Stone Soup version 0.29-a0-284-gf9362112df (webtiles) character file.

Game seed: 10693584673921327333

548387 mistaj the Executioner (level 26, -19/158 HPs)
             Began as a Gargoyle Monk on Mar 24, 2022.
             Was the Champion of Hepliaklqana.
             Demolished by an Orb Guardian (25 damage)
             ... on level 5 of the Realm of Zot.
             The game lasted 03:21:00 (58071 turns).

mistaj the Executioner (Gargoyle Monk)             Turns: 58071, Time: 03:21:01

Health: -19/158    AC: 65    Str: 27    XL:     26   Next: 23%
Magic:  7/7        EV: 14    Int: 15    God:    Hepliaklqana [******]
Gold:   4020       SH: 31    Dex: 27    Spells: 25/25 levels left

rFire   + + .      SeeInvis +   b - +6 broad axe of Skirmishing {antimagic, Dex+4}
rCold   + + .      Faith    .   U - +0 tower shield {AC+3}
rNeg    + + +      Spirit   .   S - +7 gold dragon scales
rPois   ∞          Reflect  +   v - +2 helmet of the Desert {Stlth+}
rElec   +          Harm     .   D - +2 cloak {Will+}
rCorr   .          Rampage  .   F - -1 pair of gloves of the Game of Life {rF+ rN++ Int+2}
Will    ++...                   C - +1 pair of boots "Nud Wiv" {Dex+4 Stlth+}
Stlth   ..........              K - amulet "Roegami" {Reflect Contam rPois Regen+ SH+5}
HPRegen 1.16/turn               u - ring of Jorystek {rC+ Slay+4}
MPRegen 0.10/turn               d - ring of Aseonoh {Dex+5 Slay+3 SInv}

@: about to teleport, flying
A: reduced essence, sickness immunity, AC +20, big wings, negative energy
resistance 1, electricity resistance, torment resistance 1, petrification
resistance, iridescent scales 1, agile 1, strong 1, MP-powered wands
}: 3/15 runes: decaying, silver, gossamer
a: Renounce Religion, Recall Ancestor, Ancestor Identity, Transference, Idealise


You were on level 5 of the Realm of Zot.
You worshipped Hepliaklqana.
Hepliaklqana was exalted by your worship.
You visited 10 branches of the dungeon, and saw 49 of its levels.
You also visited: Trove, Ossuary, Bailey and Gauntlet.

You collected 7035 gold pieces.
You spent 3015 gold pieces at shops.

Inventory:

Hand Weapons
 b - the +6 broad axe of Skirmishing (weapon) {antimagic, Dex+4}
   (You bought it in a shop on level 4 of the Depths)

   It reduces the magical energy of the wielder, and disrupts the spells and
   magical abilities of those it strikes.
   Natural abilities and divine invocations are not affected.
   Dex:       It affects your dexterity (+4).
 M - the +7 morningstar "Pomer" {vorpal, rCorr Str+7}
   (You took it off a hell knight on level 5 of the Vaults)

   It inflicts extra damage upon your enemies.
   Str:       It affects your strength (+7).
   rCorr:     It protects you from acid and corrosion.
 Q - the +10 war axe "Uzxoprin" {spect, Stlth+}
   (You took it off a minotaur in a Gauntlet)

   When its wielder attacks, the weapon's spirit leaps out and strikes again.
   The spirit shares a part of any damage it takes with its wielder.
   Stlth:     It makes you more stealthy.
Armour
 v - the +2 helmet of the Desert (worn) {Stlth+}
   (You found it on level 3 of the Elven Halls)

   Stlth:     It makes you more stealthy.
 A - the +2 cloak of Generosity {*Slow rF+ Will+ Dex+2}
   (You acquired it on level 1 of the Realm of Zot)

   Dex:       It affects your dexterity (+2).
   rF:        It protects you from fire.
   *Slow:     It may slow you when you take damage.
   Will:      It increases your willpower.
 C - the +1 pair of boots "Nud Wiv" (worn) {Dex+4 Stlth+}
   (You found it in a treasure trove)

   Dex:       It affects your dexterity (+4).
   Stlth:     It makes you more stealthy.
 D - a +2 cloak of willpower (worn)
 F - the -1 pair of gloves of the Game of Life (worn) {rF+ rN++ Int+2}
   (You found it on level 3 of the Depths)

   Int:       It affects your intelligence (+2).
   rF:        It protects you from fire.
   rN:        It greatly protects you from negative energy.
 S - +7 gold dragon scales (worn)
 U - a +0 tower shield of protection (worn)
 W - a +0 kite shield of cold resistance
Jewellery
 d - the ring of Aseonoh (right hand) {Dex+5 Slay+3 SInv}
   (You bought it in a shop on level 4 of the Vaults)

   [ring of see invisible]

   Dex:       It affects your dexterity (+5).
   Slay:      It affects your accuracy & damage with ranged weapons and melee
   (+3).
   SInv:      It lets you see invisible.
 f - the ring of Wisdom {rC+ Slay+4}
   (You bought it in a shop on level 2 of the Elven Halls)

   [ring of slaying]

   Slay:      It affects your accuracy & damage with ranged weapons and melee
   (+4).
   rC:        It protects you from cold.
 l - the ring of the Tortoise {AC+8}
   (You found it on level 3 of the Elven Halls)

   [ring of protection]

   AC:        It affects your AC (+8).
 u - the ring of Jorystek (left hand) {rC+ Slay+4}
   (You found it in a Gauntlet)

   [ring of protection from cold]

   Slay:      It affects your accuracy & damage with ranged weapons and melee
   (+4).
   rC:        It protects you from cold.
 x - a ring of protection from fire
 y - a ring of see invisible
 I - a ring of willpower
 K - the amulet "Roegami" (around neck) {Reflect Contam rPois Regen+ SH+5}
   (You took it off a minotaur in a Gauntlet)

   [amulet of reflection]

   It reflects blocked missile attacks.
   rPois:     It protects you from poison.
   Contam:    It causes magical contamination when unequipped.
   Regen:     It increases your rate of health regeneration.
   SH:        It affects your SH (+5).
Wands
 a - a wand of flame (138)
 p - a wand of iceblast (79)
 q - a wand of paralysis (49)
 G - a wand of charming (12)
 H - a wand of digging (43)
 N - a wand of acid (16)
 P - a wand of polymorph (28)
 R - a wand of mindburst (8)
Scrolls
 h - 28 scrolls of teleportation
 j - 14 scrolls of fear
 o - a scroll of holy word
 w - a scroll of amnesia
 z - 2 scrolls of summoning
 J - 9 scrolls of blinking
 L - 2 scrolls of silence
 O - 6 scrolls of fog
 T - a scroll of magic mapping
Potions
 c - 5 potions of ambrosia
 e - 4 potions of curing
 g - 9 potions of mutation
 i - 3 potions of might
 k - 3 potions of invisibility
 m - 7 potions of brilliance
 n - 5 potions of haste
 r - 6 potions of resistance
 s - 14 potions of lignification
 t - 7 potions of heal wounds
 B - 8 potions of cancellation
 E - 6 potions of magic
 X - a potion of berserk rage


   Skills:
 + Level 20.7 Fighting
 + Level 24.1(25.3) Axes
 - Level 15.2(22.3) Maces & Flails
 + Level 18.7 Armour
 + Level 11.9 Dodging
 - Level 7.6 Stealth
 + Level 22.6 Shields


You had 25 spell levels left.
You didn't know any spells.
Your spell library contained the following spells:

 Spells                   Type           Power      Damage    Failure   Level
 Apportation              Tloc           0%         N/A       99%         1
 Foxfire                  Conj/Fire      0%         2x1d4     99%         1
 Freeze                   Ice            0%         1d3       99%         1
 Shock                    Conj/Air       0%         1d3       99%         1
 Slow                     Hex            0%         N/A       99%         1
 Blink                    Tloc           0%         N/A       100%        2
 Static Discharge         Conj/Air       0%         N/A       100%        2
 Call Canine Familiar     Summ           0%         N/A       100%        3
 Confusing Touch          Hex            0%         N/A       100%        3
 Conjure Flame            Conj/Fire      0%         6-21      100%        3
 Dazzling Flash           Conj/Hex       0%         N/A       100%        3
 Frozen Ramparts          Ice            0%         1d2       100%        3
 Inner Flame              Hex/Fire       0%         N/A       100%        3
 Lesser Beckoning         Tloc           0%         N/A       100%        3
 Portal Projectile        Hex/Tloc       0%         N/A       100%        3
 Swiftness                Air            0%         N/A       100%        3
 Airstrike                Air            0%         N/A       100%        4
 Anguish                  Hex/Necr       0%         N/A       100%        4
 Animate Armour           Summ/Erth      0%         N/A       100%        4
 Animate Dead             Necr           0%         N/A       100%        4
 Dispel Undead            Necr           0%         3d6       100%        4
 Flame Wave               Conj/Fire      0%         2d4       100%        4
 Hailstorm                Conj/Ice       0%         3d3       100%        4
 Ice Form                 Ice/Tmut       0%         N/A       100%        4
 Iskenderun's Mystic Bla  Conj/Tloc      0%         2d3       100%        4
 Leda's Liquefaction      Hex/Erth       0%         N/A       100%        4
 Passage of Golubria      Tloc           0%         N/A       100%        4
 Petrify                  Tmut/Erth      0%         N/A       100%        4
 Sticky Flame             Conj/Fire      0%         2d3       100%        4
 Summon Ice Beast         Ice/Summ       0%         N/A       100%        4
 Summon Lightning Spire   Summ/Air       0%         N/A       100%        4
 Agony                    Necr           0%         N/A       100%        5
 Alistair's Intoxication  Tmut/Pois      0%         N/A       100%        5
 Borgnjor's Vile Clutch   Necr/Erth      0%         N/A       100%        5
 Fireball                 Conj/Fire      0%         3d3       100%        5
 Irradiate                Conj/Tmut      0%         3d13      100%        5
 Manifold Assault         Tloc           0%         N/A       100%        5
 Silence                  Hex/Air        0%         N/A       100%        5
 Summon Forest            Summ/Tloc      0%         N/A       100%        5
 Dispersal                Tloc           0%         N/A       100%        6
 Eringya's Noxious Bog    Tmut/Pois      0%         N/A       100%        6
 Starburst                Conj/Fire      0%         6d3       100%        6
 Haunt                    Necr/Summ      0%         N/A       100%        7
 Malign Gateway           Summ/Tloc      0%         N/A       100%        7
 Ignition                 Fire           0%         3d3       100%        8
 Infestation              Necr           0%         N/A       100%        8
 Lehudib's Crystal Spear  Conj/Erth      0%         10d2      100%        8
 Sublimation of Blood     Necr           Unusable   N/A       N/A         2

Dungeon Overview and Level Annotations

Branches:
Dungeon (15/15)            Temple (1/1) D:5            Lair (6/6) D:10
  Swamp (4/4) Lair:3       Spider (4/4) Lair:3        Slime (0/5) Lair:6
    Orc (2/2) D:12            Elf (3/3) Orc:2        Vaults (5/5) D:13
  Crypt (0/3) Vaults:3     Depths (4/4) D:15            Zot (5/5) Depths:4
Ossuary (visited)          Bailey (visited)         Gauntlet (visited)

Altars:
Ashenzari
Cheibriados
Dithmenos
Elyvilon
Fedhas
Gozag
Hepliaklqana
Kikubaaqudgha
Makhleb
Nemelex Xobeh
Okawaru
Qazlal
Ru
Sif Muna
Trog
Uskayaw
Vehumet
Wu Jian
Xom
Yredelemnul
Zin
The Shining One
Beogh

Shops:
D:5 [   D:12 [   Orc:1 (   Orc:2 :=**   Elf:2 =   Vaults:4 =   Depths:4 *?[:

Portals:
Hell: Depths:1 Depths:2 Depths:3 Depths:4
Pandemonium: Depths:2
Ziggurat: Depths:4

Annotations:
Swamp:4 Lernaean hydra
Zot:5 6 transporters


Innate Abilities, Weirdness & Mutations

Your life essence is reduced to manifest your ancestor. (-10% HP)
You are immune to sickness and miasma.
Your stone body is resilient. (AC +20)
You are immune to poison.
Your large and strong wings let you fly.
You resist negative energy. (rN+)
You are resistant to electric shocks. (rElec)
You are resistant to unholy torment.
You are immune to petrification.
You are partially covered in iridescent scales. (AC +2)
You are agile. (Dex +2)
Your muscles are strong. (Str +2)
You expend magic power (3 MP) to strengthen your wands.


Message History

The electric golem is heavily damaged.
You closely miss the Orb Guardian. You slash the Orb Guardian!
You kill the Orb Guardian!
You slash the Orb Guardian! You block the Orb Guardian's attack. x2
The Orb Guardian barely misses you.
You block the electric golem's attack. x2
The electric golem closely misses you.
The electric golem hits you but does no damage.
You block the Orb Guardian's attack.
You slash the electric golem!
The electric golem's magic leaks into the air.
The electric golem is heavily damaged.
You closely miss the Orb Guardian. You slice the Orb Guardian!! x2
You block the Orb Guardian's attack. x2
The electric golem falters for a moment.
You block the Orb Guardian's attack. x2
You miss the electric golem.
The electric golem is heavily damaged.
You hit the Orb Guardian but do no damage.
You barely miss the Orb Guardian. You slash the Orb Guardian!
The Orb Guardian hits you!!
* * * LOW HITPOINT WARNING * * *
The Orb Guardian hits you.
* * * LOW HITPOINT WARNING * * *
You block the Orb Guardian's attack.
You block the electric golem's attack. x3
The electric golem hits you.
* * * LOW HITPOINT WARNING * * *
The Orb Guardian completely misses you. The Orb Guardian barely misses you.
You miss the electric golem.
The electric golem is heavily damaged.
You slash the Orb Guardian! You slice the Orb Guardian!!
You slash the Orb Guardian! You block the Orb Guardian's attack.
The Orb Guardian hits you!!
* * * LOW HITPOINT WARNING * * *
You block the electric golem's attack. x3
The electric golem barely misses you.
The Orb Guardian hits you but does no damage.
The Orb Guardian hits you.
* * * LOW HITPOINT WARNING * * *
The Orb Guardian hits you!!
You die...

..... .....
......
^..^^. ▓
#.....▓
.......▓▓
.......y▓▓
.......pX▓▓
.....y.XX@▓
........X9▓
........y▓▓
........▓▓
.......▓▓
.......
.......
......


You could see a Killer Klown, an electric golem (magic disrupted), 4 Orb
Guardians and 3 moths of wrath.

Vanquished Creatures
  An ancient lich (Vaults:5)
  A dread lich (Vaults:5)
  An orb of fire (Zot:5)
  Frederick (Vaults:3)
  A Killer Klown (Zot:2)
  The ghost of Grorgnorb the Acrobat, a master KoBe of Trog (Elf:3)
  Margery (Depths:4)
  Saint Roka (Vaults:1)
  Jory (Vaults:4)
  4 golden dragons
  4 tentacled monstrosities
  A lich (Vaults:5)
  6 Orb Guardians (Zot:5)
  Jorgrun (Swamp:1)
  A walking crystal tome (Depths:4)
  4 titans
  A deep elf master archer (Elf:3)
  5 quicksilver dragons
  3 death cobs (Zot:3)
  A sphinx (Vaults:4)
  5 shadow dragons
  10 storm dragons
  Donald (Vaults:4)
  4 tengu reavers
  4 fire giants
  A fenstrider witch (Swamp:3)
  4 draconian knights
  3 frost giants
  5 draconian monks
  17 vault wardens
  7 emperor scorpions
  3 deep elf sorcerers (Elf:3)
  An iron dragon (Vaults:5)
  6 draconian scorchers
  An orc warlord (Vaults:3)
  A deep elf elementalist (Elf:3)
  2 draconian shifters
  6 ghost moths
  3 spriggan defenders
  4 draconian annihilators
  6 war gargoyles
  9 ironbound preservers
  4 draconian stormcallers
  A broodmother (shapeshifter) (Depths:2)
  11 stone giants
  4 vampire knights
  24 very ugly things
  9 black draconians
  3 green draconians
  6 eleionomae
  3 bunyips
  An eleionoma (shapeshifter) (Vaults:5)
  3 purple draconians
  5 ironbound thunderhulks
  11 red draconians
  5 entropy weavers
  3 deep elf annihilators
  8 dire elephants
  13 yellow draconians
  3 spark wasps
  A minotaur (Gauntlet)
  8 white draconians
  6 ettins
  2 blizzard demons (Depths:2)
  3 jiangshi (Depths:4)
  A green death (Gauntlet)
  2 crystal guardians
  4 deep elf death magi
  8 great orbs of eyes
  A shambling mangrove (Swamp:4)
  11 yaktaur captains
  5 deep elf high priests (Elf:3)
  36 vault guards
  4 spriggan air magi
  10 fire dragons
  3 ogre magi
  7 boulder beetles
  2 peacekeepers
  An ice dragon (shapeshifter) (Vaults:5)
  18 two-headed ogres
  12 hydras
  3 ghost crabs
  5 ice dragons
  11 ironbound frosthearts
  A death knight (D:14)
  3 jorogumos
  2 alligators
  12 centaur warriors
  A death yak (shapeshifter) (Depths:2)
  30 dancing weapons
  An alligator (shapeshifter) (Depths:2)
  3 deep troll shamans
  6 death yaks
  3 tengu warriors
  A vampire mage (Depths:4)
  5 deep troll earth magi
  An orc high priest (D:13)
  4 spriggan berserkers
  A shock serpent (shapeshifter) (Vaults:5)
  Urug (D:13)
  A sun demon (Depths:1)
  10 deep elf knights
  Sonja (Orc:2)
  14 hell knights
  A fire crab (Lair:5)
  7 pharaoh ants
  5 iron trolls
  4 glowing orange brains
  5 orb spiders
  3 goliath frogs
  Lodul (D:13)
  A shadow wraith (Vaults:5)
  7 spriggan druids
  24 deep trolls
  2 sun moths
  A flayed ghost (Depths:1)
  6 steelbarb worms
  10 swamp dragons
  A bog body (Swamp:1)
  5 phantasmal warriors
  6 wizards
  8 deep elf archers
  21 ironbound convokers
  4 obsidian statues (Depths:2)
  3 lindwurms (Vaults:2)
  20 deep elf pyromancers
  A tengu zombie (Vaults:3)
  7 necromancers
  An orc sorcerer (D:12)
  5 orc knights
  8 harpies
  A shadow dragon zombie (Vaults:3)
  A mana viper (shapeshifter) (Depths:2)
  A fire giant zombie (Vaults:3)
  11 deep elf zephyrmancers
  13 wolf spiders
  7 cyclopes
  26 moths of wrath
  3 will-o-the-wisps
  A cyclops (shapeshifter) (Depths:2)
  A manticore (D:14)
  A salamander (shapeshifter) (D:15)
  28 ugly things
  A shadow dragon skeleton (Vaults:3)
  A fire giant skeleton (Vaults:2)
  16 elephants
  A smoke demon (Gauntlet)
  An orange demon (Gauntlet)
  16 vault sentinels
  3 black mambas (shapeshifter)
  A gargoyle (D:13)
  4 torpor snails
  A torpor snail (shapeshifter) (Depths:2)
  5 rime drakes (Lair:4)
  2 kobold demonologists
  15 cane toads
  4 demonic crawlers
  9 komodo dragons
  An efreet (D:14)
  An unseen horror (D:12)
  19 yaktaurs
  3 freezing wraiths
  2 tengu conjurers (D:15)
  A guardian mummy (D:12)
  8 trolls
  2 queen bees (shapeshifter)
  A meliai (shapeshifter) (D:11)
  2 polar bears (Lair:6)
  A hornet (shapeshifter) (Depths:2)
  A slime creature (shapeshifter) (Depths:2)
  7 meliai
  9 tyrant leeches
  13 hornets
  23 tarantellas
  A tarantella (shapeshifter) (Depths:2)
  A wind drake (Depths:2)
  A blink frog (shapeshifter) (Elf:2)
  A dream sheep (Lair:4)
  24 slime creatures
  22 blink frogs
  A dream sheep (shapeshifter) (Vaults:5)
  21 jumping spiders
  4 air elementals (Depths:2)
  A spriggan (shapeshifter) (D:14)
  2 shadows
  21 culicivoras
  16 spriggans
  10 water elementals
  3 wraiths
  5 wyverns
  7 fire elementals
  2 basilisks (D:10)
  34 yaks
  64 redbacks
  3 steam dragons
  4 wargs
  10 vampire mosquitoes
  12 swamp worms
  11 water moccasins
  3 acid dragons
  7 hell hounds (D:15)
  A floating eye (Depths:4)
  3 ice beasts
  18 orc warriors
  7 swamp drakes
  A sky beast (D:7)
  A tengu (shapeshifter) (Depths:2)
  26 ogres
  9 wolves
  9 centaurs
  3 kobold brigands
  6 earth elementals (Depths:2)
  7 bullfrogs
  4 gnoll sergeants
  A glowing shapeshifter simulacrum (Vaults:3)
  4 scorpions
  A human skeleton (Vaults:3)
  4 wights (D:8)
  A human simulacrum (Vaults:3)
  7 killer bees
  5 howler monkeys
  2 electric eels
  2 crimson imps (Gauntlet)
  5 human zombies
  A centaur zombie (Ossuary)
  2 hounds
  16 jellies
  6 orc priests
  2 iguanas
  8 orc wizards
  11 hell rats
  2 mummies (Ossuary)
  25 gnolls
  5 adders
  A shadow imp (D:7)
  An ufetubus (D:5)
  6 worms
  A dart slug (D:1)
  48 orcs
  3 endoplasms
  5 giant cockroaches
  15 goblins
  2 hobgoblins
  6 jackals
  19 kobolds
  2 quokkas
  6 ball pythons
  3 bats
  6 frilled lizards
  A goblin zombie (D:6)
  8 hobgoblin zombies
  A jackal zombie (Ossuary)
  5 kobold zombies (Ossuary)
  6 orc zombies (Ossuary)
  3 rats
1604 creatures vanquished.

Vanquished Creatures (collateral kills)
  A dread lich (Zot:5)
  The ghost of Ofiett the Wrestler, a veteran TrCK of Xom (Zot:4)
  A Killer Klown (Zot:4)
  The ghost of FizzleBang the Slayer, a veteran DEVM of Vehumet (Zot:5)
  3 golden dragons
  Zenata (Vaults:1)
  3 tentacled monstrosities
  Rupert (Lair:3)
  3 titans (Vaults:5)
  2 deep elf blademasters (Elf:3)
  3 Orb Guardians (Zot:5)
  4 quicksilver dragons
  4 death cobs
  A thorn hunter (Swamp:1)
  2 storm dragons
  5 shadow dragons
  A draconian knight (Zot:1)
  2 frost giants
  2 fire giants
  An orc warlord (D:12)
  4 vault wardens
  3 deep elf sorcerers (Elf:3)
  A ghost moth (Zot:4)
  5 deep elf elementalists (Elf:3)
  A draconian scorcher (Zot:1)
  Aizul (Swamp:1)
  7 very ugly things
  A draconian stormcaller (Zot:2)
  2 draconian annihilators
  An ironbound preserver (Vaults:5)
  4 draconian shifters
  4 war gargoyles
  4 ironbound thunderhulks
  2 stone giants
  3 deep elf demonologists (Elf:3)
  3 green draconians
  2 eleionomae (Swamp:2)
  8 black draconians
  A deep elf annihilator (Elf:3)
  2 white draconians
  2 red draconians
  A spark wasp (Depths:2)
  2 yellow draconians
  5 deep elf death magi
  3 ettins
  A fire dragon (Depths:1)
  3 yaktaur captains (Vaults:5)
  2 hydras
  Harold (D:9)
  12 vault guards
  An ogre mage (Orc:2)
  A catoblepas (Lair:6)
  A centaur warrior (Vaults:1)
  The ghost of pigah the Zephyrmancer, a journeyman OpAE of Gozag (Lair:2)
  An alligator snapping turtle (Zot:4)
  5 two-headed ogres
  An ironbound frostheart (Vaults:3)
  2 spriggan air magi
  5 dancing weapons
  A deep troll shaman (Depths:2)
  2 deep troll earth magi (Depths:3)
  A vampire mage (Depths:1)
  4 deep elf knights
  6 hell knights (Vaults:5)
  A goliath frog (Swamp:2)
  A pharaoh ant (Spider:3)
  A sun moth (Spider:4)
  3 orb spiders
  2 flayed ghosts
  A swamp dragon (Swamp:4)
  A glowing orange brain (Depths:2)
  3 deep trolls
  3 steelbarb worms
  A lindwurm (Lair:4)
  A deep elf archer (Elf:2)
  3 phantasmal warriors
  2 bog bodies
  An orc knight (Vaults:3)
  8 deep elf pyromancers
  13 deep elf zephyrmancers
  2 ugly things
  An orc sorcerer (Elf:3)
  A will-o-the-wisp (Swamp:4)
  5 wolf spiders
  A manticore (D:14)
  4 elephants (Lair:6)
  A black mamba (Lair:4)
  A water nymph (shapeshifter) (Vaults:5)
  A vault sentinel (Vaults:5)
  12 moths of wrath
  An orange demon (Gauntlet)
  A molten gargoyle (Depths:2)
  2 gargoyles
  2 cane toads
  A torpor snail (Spider:3)
  An unseen horror (D:11)
  A freezing wraith (D:14)
  3 komodo dragons
  A komodo dragon (shapeshifter) (D:15)
  A rime drake (Lair:2)
  9 yaktaurs
  2 efreet
  A guardian mummy (D:12)
  2 trolls
  2 hornets
  A tyrant leech (Swamp:3)
  5 meliai
  3 tarantellas
  2 slime creatures
  3 blink frogs (Lair:6)
  Sigmund (D:3)
  4 jumping spiders (Spider:2)
  5 air elementals
  2 culicivoras
  2 spriggans (Swamp:4)
  A water elemental (Elf:1)
  9 yaks
  A vampire (D:12)
  3 wraiths
  16 redbacks
  3 swamp worms
  An acid dragon (D:11)
  A water moccasin (D:8)
  A sky beast (D:6)
  2 black bears
  5 orc warriors
  7 ogres
  4 wolves
  3 centaurs
  A kobold brigand (D:11)
  5 bullfrogs
  A gnoll sergeant (D:13)
  2 scorpions
  3 killer bees (D:9)
  2 jellies
  5 howler monkeys
  A centaur zombie (Ossuary)
  A hound (D:6)
  2 orc priests
  2 gnoll shamans
  2 human zombies
  2 iguanas (D:5)
  4 orc wizards
  A hell rat (Lair:5)
  A mummy (D:6)
  An adder (D:5)
  5 gnolls
  A shadow imp (D:5)
  An adder zombie (Ossuary)
  9 orcs
  4 hobgoblin zombies (Ossuary)
  2 kobolds
  5 kobold zombies (Ossuary)
  An orc zombie (Ossuary)
418 creatures vanquished.

Vanquished Creatures (others)
  A deep elf master archer (Elf:3)
  A fire giant (Depths:2)
  A black draconian (Zot:3)
  A yaktaur captain (Vaults:5)
  An ogre mage (Vaults:5)
  A two-headed ogre (shapeshifter) (Depths:2)
  2 deep elf archers
  3 deep elf pyromancers
  A bloated husk (Swamp:2)
  A blink frog (Lair:5)
  A jumping spider (Spider:3)
  A water elemental (Depths:2)
  25 knights
  An orc (D:10)
  13 ball lightnings (Depths:2)
  19 foxfires
  22 fungi
  98 plants
  12 toadstools (Lair:4)
205 creatures vanquished.

Grand Total: 2227 creatures vanquished

Notes
Turn   | Place    | Note
-------+----------+-------------------------------------------
     0 | D:1      | mistaj the Gargoyle Monk began the quest for the Orb.
     0 | D:1      | Reached XP level 1. HP: 14/14 MP: 1/1
   117 | D:1      | Reached XP level 2. HP: 19/19 MP: 2/2
   131 | D:1      | Reached skill level 1 in Armour
   872 | D:1      | Reached XP level 3. HP: 16/24 MP: 3/3
  1851 | D:2      | You fall into a shaft and drop 2 floors!
  2256 | D:2      | Reached XP level 4. HP: 29/29 MP: 4/4
  2287 | D:2      | Found a faded altar of an unknown god.
  2565 | D:3      | Noticed Sigmund
  2632 | D:3      | Noticed an ice beast
  3225 | D:2      | Killed an ice beast
  3226 | D:2      | Reached XP level 5. HP: 17/34 MP: 5/5
  3864 | D:4      | Noticed a black bear
  3950 | D:4      | Reached XP level 6. HP: 40/40 MP: 6/6
  3970 | D:4      | Reached skill level 5 in Fighting
  4031 | D:4      | Found a snail-covered altar of Cheibriados.
  5011 | D:5      | Entered Level 5 of the Dungeon
  5018 | D:5      | Found a sacrificial altar of Ru.
  5240 | D:5      | Found a staircase to the Ecumenical Temple.
  5260 | Temple   | Entered the Ecumenical Temple
  5497 | Temple   | Became a worshipper of Hepliaklqana the Forgotten
  5497 | Temple   | Reached * piety under Hepliaklqana
  5497 | Temple   | Reached ** piety under Hepliaklqana
  5498 | Temple   | Remembered your ancestor Cynebald as a knight
  5593 | D:5      | Reached skill level 5 in Maces & Flails
  5612 | D:5      | Reached skill level 1 in Shields
  5612 | D:5      | Reached XP level 7. HP: 23/39 MP: 7/7
  5756 | D:5      | Found Kusoud's Antique Armour Shoppe.
  5913 | D:5      | Bought a jewelled scale mail for 216 gold pieces
  5913 | D:5      | Identified the +0 scale mail "Gicux" {Str+4} (You bought it
                  | in a shop on level 5 of the Dungeon)
  6457 | D:4      | Reached XP level 8. HP: 45/46 MP: 8/8
  6627 | D:3      | Killed Sigmund
  6794 | D:6      | Found a glowing golden altar of the Shining One.
  6893 | D:6      | Found a sand-covered staircase.
  6918 | Ossuary  | Entered an ossuary
  7250 | D:6      | Found an ornate altar of the Wu Jian Council.
  7433 | D:6      | Found an opulent altar of Gozag.
  7615 | D:6      | Reached skill level 5 in Shields
  7654 | D:6      | Reached XP level 9. HP: 52/52 MP: 9/9
  8249 | D:7      | Found a stormy altar of Qazlal.
  8510 | D:8      | Reached *** piety under Hepliaklqana
  8798 | D:8      | Found a flagged portal.
  8815 | Bailey   | Entered a bailey
  8830 | Bailey   | Reached XP level 10. HP: 59/59 MP: 10/10
  8966 | Bailey   | Identified the +6 shortbow "Orb Guardian's Bane" {venom,
                  | rElec rPois Int-4}
  9123 | Bailey   | Noticed a two-headed ogre
  9188 | Bailey   | Killed a two-headed ogre
  9189 | Bailey   | Reached skill level 10 in Fighting
  9663 | D:8      | Found a glowing silver altar of Zin.
  9900 | D:8      | Found a burning altar of Makhleb.
 10254 | D:9      | Noticed a two-headed ogre
 10263 | D:9      | Killed a two-headed ogre
 10520 | D:9      | Noticed Harold
 10522 | D:9      | Reached skill level 10 in Maces & Flails
 10522 | D:9      | Reached XP level 11. HP: 55/65 MP: 11/11
 10537 | D:9      | Killed Harold
 10836 | D:9      | Identified a scroll of acquirement
 10836 | D:9      | Acquired a +2 eveningstar of draining
 10847 | D:10     | Entered Level 10 of the Dungeon
 10951 | D:10     | Noticed a deep elf pyromancer
 10951 | D:10     | Noticed a two-headed ogre
 10955 | D:9      | Reached skill level 10 in Shields
 11007 | D:10     | Noticed a deep elf pyromancer
 11007 | D:10     | Noticed a deep elf zephyrmancer
 11013 | D:9      | Killed a two-headed ogre
 11116 | D:9      | Killed a deep elf pyromancer
 11475 | D:10     | Found a broken altar of Ashenzari.
 11479 | D:10     | Saw a vision of the Swamp and the Spider Nest.
 11479 | D:10     | Noticed a goliath frog
 11529 | D:10     | Got Sif Muna's Handbook of Axaxaxas mlö
 11538 | D:10     | Got Nyraweh's Catalogue of Dhcmrlchtdj
 11584 | D:10     | Got the Grimoire of Sand
 11607 | D:10     | HP: 1/67 [acid dragon/splash of acid (31)]
 11946 | D:10     | Killed a deep elf zephyrmancer
 11951 | D:10     | Killed a deep elf pyromancer
 12000 | D:10     | Noticed a deep elf zephyrmancer
 12114 | D:10     | Killed a deep elf zephyrmancer
 12182 | D:10     | Found a hide-covered altar of Uskayaw.
 12215 | D:10     | Found an iron altar of Okawaru.
 12215 | D:10     | Found a blossoming altar of Fedhas.
 12678 | D:10     | Found a staircase to the Lair.
 12998 | D:11     | Reached XP level 12. HP: 72/72 MP: 12/12
 13059 | D:11     | Reached **** piety under Hepliaklqana
 13519 | D:11     | Found a runed translucent door.
 13594 | D:11     | Noticed a fire giant
 13601 | D:11     | Killed a fire giant
 13803 | D:11     | Identified the amulet "Oxkaeng" {Acrobat rF- Dex+4}
 13912 | D:12     | Found Hualub's Antique Armour Emporium.
 13948 | D:12     | Bought a glowing cloak for 240 gold pieces
 13996 | D:12     | Bought a pair of embroidered gloves for 240 gold pieces
 14327 | D:12     | Found a staircase to the Orcish Mines.
 14726 | D:12     | Found a portal to a secret trove of treasure.
 15133 | Lair:1   | Entered Level 1 of the Lair of Beasts
 15295 | Lair:1   | Reached ***** piety under Hepliaklqana
 15320 | Lair:1   | Reached XP level 13. HP: 79/79 MP: 13/13
 15626 | Lair:1   | Noticed a fire dragon
 15655 | Lair:1   | Killed a fire dragon
 15750 | Lair:1   | Identified the +0 hat "Yckoang" {Harm *Slow rElec Slay+6}
 15769 | Lair:1   | Gained mutation: You have a pair of small antennae on your
                  | head. [potion of mutation]
 15769 | Lair:1   | Gained mutation: Armour fits poorly on your strangely
                  | shaped body. [potion of mutation]
 15770 | Lair:1   | Lost mutation: You have a pair of small antennae on your
                  | head. [potion of mutation]
 15770 | Lair:1   | Lost mutation: Armour fits poorly on your strangely shaped
                  | body. [potion of mutation]
 15770 | Lair:1   | Gained mutation: Armour fits poorly on your strangely
                  | shaped body. [potion of mutation]
 15770 | Lair:1   | Gained mutation: You tend to lose your temper in combat.
                  | [potion of mutation]
 15770 | Lair:1   | Gained mutation: You have supernaturally acute eyesight.
                  | (SInv) [potion of mutation]
 15771 | Lair:1   | Lost mutation: Armour fits poorly on your strangely shaped
                  | body. [potion of mutation]
 15771 | Lair:1   | Lost mutation: You have supernaturally acute eyesight.
                  | (SInv) [potion of mutation]
 15771 | Lair:1   | Gained mutation: You often lose your temper in combat.
                  | [potion of mutation]
 15771 | Lair:1   | Gained mutation: You have a beak for a mouth. [potion of
                  | mutation]
 15771 | Lair:1   | Gained mutation: You are agile. (Dex +2) [potion of
                  | mutation]
 15772 | Lair:1   | Lost mutation: You often lose your temper in combat.
                  | [potion of mutation]
 15772 | Lair:1   | Lost mutation: You are agile. (Dex +2) [potion of mutation]
 15772 | Lair:1   | Gained mutation: Your mind is acute. (Int +2) [potion of
                  | mutation]
 15772 | Lair:1   | Lost mutation: You tend to lose your temper in combat.
                  | [potion of mutation]
 15772 | Lair:1   | Gained mutation: Your movements are slightly less
                  | encumbered by armour. (ER -2) [potion of mutation]
 16316 | Lair:1   | Reached skill level 5 in Armour
 16506 | Lair:2   | Found a runed translucent gate.
 16507 | Lair:2   | Found a runed translucent gate.
 16507 | Lair:2   | Noticed pigah's ghost (journeyman OpAE)
 16510 | Lair:2   | Found a runed translucent gate.
 17296 | Lair:2   | Killed pigah's ghost
 17475 | Lair:3   | Found a hole to the Spider Nest.
 17676 | Lair:3   | Noticed Rupert
 17690 | Lair:3   | Killed Rupert
 17812 | Lair:3   | Got the Guide on Creative Displacement
 18017 | Lair:3   | Found a staircase to the Swamp.
 18262 | Lair:4   | Found a gate leading to a gauntlet.
 18264 | Lair:4   | Reached ****** piety under Hepliaklqana
 18269 | Gauntlet | Entered a Gauntlet
 18269 | Gauntlet | Found a transporter.
 18269 | Gauntlet | Found a transporter.
 18269 | Gauntlet | Found a transporter.
 18273 | Gauntlet | Found a transporter.
 18273 | Gauntlet | Found a transporter.
 18273 | Gauntlet | Found a transporter.
 18283 | Gauntlet | Found a transporter.
 18286 | Gauntlet | Found a transporter.
 18289 | Gauntlet | Found a transporter.
 18298 | Gauntlet | Found a transporter.
 18301 | Gauntlet | Found a transporter.
 18302 | Gauntlet | Noticed a green death
 18304 | Gauntlet | Found a transporter.
 18362 | Gauntlet | Reached skill level 15 in Maces & Flails
 18398 | Gauntlet | Identified the ring of Jorystek {rC+ Slay+4}
 18529 | Gauntlet | Killed a green death
 18568 | Gauntlet | Identified the +2 pair of gloves of Xeegg {Int+7}
 18662 | Gauntlet | Identified the +10 war axe "Uzxoprin" {spect, Stlth+}
 18662 | Gauntlet | Identified the amulet "Roegami" {Reflect Contam rPois
                  | Regen+ SH+5}
 18662 | Gauntlet | Noticed a minotaur
 18673 | Gauntlet | Killed a minotaur
 18919 | Lair:4   | Reached skill level 1 in Axes
 18933 | Lair:4   | Noticed a dire elephant
 18953 | Lair:4   | Found a runed translucent door.
 19039 | Lair:4   | Killed a dire elephant
 19040 | Lair:4   | Reached skill level 2 in Axes
 19197 | Lair:4   | Gained mutation: Your large and strong wings let you fly.
                  | [Gargoyle growth]
 19197 | Lair:4   | Reached XP level 14. HP: 78/84 MP: 14/14
 19262 | Lair:4   | Reached skill level 3 in Axes
 19829 | Lair:4   | Identified the +10 falchion "Ziaj Uhy" {vorpal, Int+4}
 19957 | Lair:5   | Reached skill level 4 in Axes
 20564 | Lair:6   | Entered Level 6 of the Lair of Beasts
 20564 | Lair:6   | Found a basalt altar of Yredelemnul.
 20663 | Lair:5   | Reached skill level 5 in Axes
 21065 | Lair:5   | Reached skill level 6 in Axes
 21218 | Lair:6   | Reached skill level 7 in Axes
 21456 | Lair:6   | Reached XP level 15. HP: 62/89 MP: 15/15
 21542 | Lair:6   | Reached skill level 8 in Axes
 21739 | Lair:6   | Found a staircase to the Slime Pits.
 21957 | Lair:6   | Identified the ring of Soitzerui {Ice rPois Dex+2}
 22368 | D:13     | Noticed Urug
 22380 | D:13     | Killed Urug
 22383 | D:13     | Noticed Lodul
 22391 | D:13     | Reached skill level 10 in Armour
 22391 | D:13     | Killed Lodul
 22393 | D:13     | Reached skill level 15 in Shields
 22396 | D:13     | Reached skill level 9 in Axes
 22447 | D:13     | Found a runed translucent door.
 22648 | D:13     | Found a gate to the Vaults.
 23106 | D:14     | Reached skill level 10 in Axes
 23112 | D:14     | Found a glowing golden altar of the Shining One.
 23867 | Orc:1    | Entered Level 1 of the Orcish Mines
 23867 | Orc:1    | Noticed an orc warlord
 23889 | D:12     | Killed an orc warlord
 24171 | Orc:2    | Entered Level 2 of the Orcish Mines
 24171 | Orc:2    | Noticed Sonja
 24176 | Orc:2    | Killed Sonja
 24235 | Orc:2    | Found a staircase to the Elven Halls.
 24475 | Orc:2    | Reached XP level 16. HP: 74/93 MP: 16/16
 24481 | Orc:2    | Found Vyotir's Assorted Antiques.
 24491 | Orc:2    | Reached skill level 11 in Axes
 24565 | Orc:2    | Found Qopahiw's Jewellery Emporium.
 24573 | Orc:2    | Found Cibra's Book Emporium.
 24575 | Orc:2    | Found Onuriyla's General Store.
 25210 | Orc:1    | Found Tavotag's Weapon Shoppe.
 25454 | D:15     | Entered Level 15 of the Dungeon
 25472 | D:15     | Found a staircase to the Depths.
 26102 | D:15     | Reached skill level 12 in Axes
 26654 | Swamp:1  | Entered Level 1 of the Swamp
 26912 | Swamp:1  | Noticed a thorn hunter
 26918 | Swamp:1  | Killed a thorn hunter
 27153 | Swamp:2  | Noticed Aizul
 27197 | Swamp:1  | Killed Aizul
 27238 | Swamp:2  | Noticed Jorgrun
 27248 | Swamp:1  | Killed Jorgrun
 27375 | Swamp:2  | Reached skill level 13 in Axes
 27376 | Swamp:2  | Reached XP level 17. HP: 64/99 MP: 17/17
 28403 | Swamp:4  | Entered Level 4 of the Swamp
 28846 | Swamp:4  | Reached skill level 14 in Axes
 28862 | Swamp:4  | Noticed the 27-headed Lernaean hydra
 29290 | Swamp:4  | Got a decaying rune of Zot
 29536 | Vaults:1 | Entered Level 1 of the Vaults
 30249 | Vaults:1 | Reached skill level 15 in Fighting
 30446 | Vaults:1 | Noticed Saint Roka
 30452 | Vaults:1 | Reached XP level 18. HP: 60/107 MP: 18/18
 30452 | Vaults:1 | Noticed Zenata
 30769 | Vaults:1 | Reached skill level 15 in Axes
 30942 | Vaults:1 | Killed Saint Roka
 31254 | Vaults:1 | HP: 1/107 [Zenata/+2 executioner's axe (7)]
 32533 | Vaults:2 | Lost mutation: Your movements are slightly less encumbered
                  | by armour. (ER -2) [potion of mutation]
 32533 | Vaults:2 | Lost mutation: You have a beak for a mouth. [potion of
                  | mutation]
 32533 | Vaults:2 | Lost mutation: Your mind is acute. (Int +2) [potion of
                  | mutation]
 32533 | Vaults:2 | Gained mutation: Your muscles are strong. (Str +2) [potion
                  | of mutation]
 32533 | Vaults:2 | Gained mutation: You are partially covered in iridescent
                  | scales. (AC +2) [potion of mutation]
 32533 | Vaults:2 | Gained mutation: You expend magic power (3 MP) to
                  | strengthen your wands. [potion of mutation]
 32639 | Vaults:1 | Killed Zenata
 33350 | Vaults:2 | Reached skill level 16 in Axes
 34281 | Vaults:3 | Noticed Frederick
 34291 | Vaults:3 | Killed Frederick
 34355 | Vaults:3 | Reached XP level 19. HP: 104/112 MP: 19/19
 34721 | Vaults:3 | Reached skill level 17 in Axes
 35305 | Vaults:3 | Found a staircase to the Crypt.
 35561 | Vaults:3 | Identified the +7 plate armour of Ziapoimapel {MP+9 Int+2
                  | SInv}
 36104 | Vaults:4 | Found Wiofauf's Jewellery Shoppe.
 36416 | Vaults:4 | Got the Incunabulum of Supportive Malediction
 36483 | Vaults:4 | Noticed Jory
 36494 | Vaults:4 | Killed Jory
 36583 | Vaults:4 | Reached skill level 18 in Axes
 36658 | Vaults:4 | Noticed Donald
 36670 | Vaults:4 | Killed Donald
 36829 | Vaults:4 | Reached XP level 20. HP: 120/120 MP: 20/20
 37381 | Vaults:4 | Identified the +1 leather armour "Lolluan" {Int+2}
 37898 | Spider:1 | Entered Level 1 of the Spider Nest
 38085 | Spider:1 | You are sucked into a shaft and drop 1 floor!
 38991 | Spider:3 | Reached skill level 19 in Axes
 39899 | Spider:4 | Entered Level 4 of the Spider Nest
 40343 | Spider:4 | Reached XP level 21. HP: 119/127 MP: 6/21
 40395 | Spider:4 | Got a gossamer rune of Zot
 40399 | Spider:4 | Identified the +1 pair of gloves of Zin's Brutal Revenge
                  | {rPois rF+ Will-}
 41338 | Depths:1 | Entered Level 1 of the Depths
 41636 | Depths:1 | Found a gateway to Hell.
 42017 | Depths:1 | Reached skill level 20 in Axes
 42836 | Depths:2 | Paralysed by an air elemental for 1 turns
 42840 | Depths:2 | Paralysed by an air elemental for 1 turns
 43107 | Depths:2 | Identified the +8 chain mail of the Lost Path {Rampage +Inv
                  | Str+2 Dex+3}
 43171 | Depths:2 | Paralysed by an air elemental for 1 turns
 43596 | Depths:2 | Paralysed by an air elemental for 1 turns
 44312 | Depths:2 | Identified the amulet "Nichipt" {RegenMP Regen+ Dex+2}
 44338 | Depths:2 | Reached XP level 22. HP: 135/135 MP: 22/22
 44367 | Depths:2 | Found a one-way gate leading to the halls of Pandemonium.
 44455 | Depths:3 | Reached skill level 21 in Axes
 45011 | Depths:3 | Identified the -1 pair of gloves of the Game of Life {rF+
                  | rN++ Int+2}
 45607 | Depths:4 | Entered Level 4 of the Depths
 45621 | Depths:4 | Noticed a golden dragon
 45639 | Depths:4 | Killed a golden dragon
 46132 | Depths:4 | Noticed Margery
 46154 | Depths:4 | Killed Margery
 46183 | Depths:4 | Found a one-way gateway to a ziggurat.
 46352 | Depths:4 | Found a broken altar of Ashenzari.
 46447 | Depths:4 | Found a gate to the Realm of Zot.
 46474 | Depths:4 | Found Nom Senk's Antique Armour Shoppe.
 46476 | Depths:4 | Found Gofop's Magic Scroll Emporium.
 46479 | Depths:4 | Found Itontuc's Assorted Antiques.
 46497 | Depths:4 | Found Wusk's Book Shop.
 46527 | Depths:4 | Bought a crude broad axe for 261 gold pieces
 46527 | Depths:4 | Identified the +6 broad axe of Skirmishing {antimagic,
                  | Dex+4} (You bought it in a shop on level 4 of the Depths)
 47152 | Elf:1    | Entered Level 1 of the Elven Halls
 47366 | Elf:1    | You are sucked into a shaft and drop 1 floor!
 47474 | Elf:2    | Found a radiant altar of Vehumet.
 47517 | Elf:2    | Found Bukyruodeo's Jewellery Shop.
 47527 | Elf:2    | Bought the ring of Wisdom {rC+ Slay+4} for 1472 gold pieces
 47528 | Elf:2    | Found a shimmering blue altar of Sif Muna.
 47759 | Elf:2    | Found a runed translucent gate.
 47760 | Elf:2    | Found a runed translucent gate.
 47761 | Elf:2    | Found a runed translucent gate.
 48044 | D:12     | You paid a toll of 17 potions of curing to enter a treasure
                  | trove
 48045 | Trove    | Entered a treasure trove
 48051 | Trove    | Identified the +0 hat "Sufumycw" {rPois rN+ Dex+4}
 48059 | Trove    | Identified the +1 hat of Charity {rElec}
 48060 | Trove    | Identified the +1 pair of gloves of the Gardener {+Inv
                  | Str+6}
 48062 | Trove    | Identified the -6 cloak of Atuisk {Str+6 Int-2 Dex+5}
 48075 | Trove    | Identified the +2 tower shield "Cockuiro" {+Inv Int+3
                  | Dex+4}
 48079 | Trove    | Identified the +1 pair of boots "Nud Wiv" {Dex+4 Stlth+}
 48584 | Elf:1    | Reached skill level 5 in Dodging
 48905 | Elf:2    | Reached XP level 23. HP: 140/140 MP: 7/23
 49048 | Elf:2    | Reached skill level 22 in Axes
 49227 | Elf:3    | Entered Level 3 of the Elven Halls
 49483 | Elf:3    | Found a runed translucent gate.
 49484 | Elf:3    | Noticed Grorgnorb's ghost (master KoBe)
 49485 | Elf:3    | Found a runed translucent gate.
 49485 | Elf:3    | Found a runed translucent gate.
 49561 | Elf:3    | Paralysed by an air elemental for 1 turns
 49570 | Elf:3    | Paralysed by an air elemental for 1 turns
 49615 | Elf:3    | Killed Grorgnorb's ghost
 49995 | Elf:3    | Identified the +9 mace of Domination {drain, rN+ Str+2}
 50135 | Elf:3    | Identified the amulet of Meadobb {Acrobat rN++ Int+3}
 50317 | Elf:3    | Found the ring of the Tortoise {AC+8}
 50397 | Elf:3    | Identified the +2 helmet of the Desert {Stlth+}
 50421 | Elf:3    | Identified the +0 scale mail "Juhawonn" {rPois Int+3}
 50736 | Vaults:5 | Entered Level 5 of the Vaults
 50758 | Vaults:5 | Reached skill level 15 in Armour
 50856 | Vaults:5 | Identified the +7 morningstar "Pomer" {vorpal, rCorr Str+7}
 50879 | Vaults:5 | Identified the ring of Optimism {rElec Str+6}
 51144 | Vaults:5 | Noticed a dread lich
 51170 | Vaults:5 | Killed a dread lich
 51171 | Vaults:5 | Reached XP level 24. HP: 145/145 MP: 7/23
 51194 | Vaults:5 | Noticed an ancient lich
 51211 | Vaults:5 | Killed an ancient lich
 51347 | Vaults:5 | Identified the +10 great mace "Luluu" {vorpal, *Rage rElec
                  | rPois Will+++}
 51514 | Vaults:5 | Identified the +7 shortbow "Mireyklu" {freeze, Str+4}
 51586 | Vaults:5 | Reached skill level 23 in Axes
 51598 | Vaults:5 | Identified the +1 whip of Distant Shores {spect, Str+2
                  | Int-5 SInv}
 51738 | Vaults:5 | Identified the +1 robe of Keck {rElec rF+ rCorr}
 51869 | Vaults:5 | Got a silver rune of Zot
 51873 | Vaults:5 | Identified the +1 scale mail of Sacaijeg {Str+5}
 52064 | Vaults:5 | Identified the +9 short sword of Conscience {drain, rElec
                  | rPois rC- Int+8}
 52848 | Vaults:4 | Bought the ring of Aseonoh {Dex+5 Slay+3 SInv} for 586 gold
                  | pieces
 53166 | Zot:1    | Entered Level 1 of the Realm of Zot
 53253 | Zot:1    | Reached skill level 10 in Dodging
 53353 | Zot:1    | You are sucked into a shaft and drop 1 floor!
 53459 | Zot:2    | Reached skill level 5 in Stealth
 53883 | Zot:1    | Got Rivuz's Catalogue of Creative Malediction
 53981 | Zot:1    | Acquired the +2 cloak of Generosity {*Slow rF+ Will+ Dex+2}
 54382 | Zot:2    | Reached XP level 25. HP: 122/151 MP: 7/23
 54511 | Zot:2    | Identified the ring "Goffooff" {Wiz rN+}
 54538 | Zot:2    | Noticed a Killer Klown
 54545 | Zot:2    | Killed a Killer Klown
 56453 | Zot:4    | Noticed a Killer Klown
 56460 | Zot:4    | Noticed a Killer Klown
 56501 | Zot:4    | Killed a Killer Klown
 56548 | Zot:4    | a Killer Klown changed into an alligator snapping turtle
 56866 | Zot:4    | Found a runed translucent door.
 56868 | Zot:4    | Noticed Ofiett's ghost (veteran TrCK)
 56907 | Zot:4    | Identified the +1 arbalest of Buel {venom, *Corrode rElec
                  | MP+9 Int+2}
 57336 | Zot:4    | Killed Ofiett's ghost
 57405 | Zot:5    | Entered Level 5 of the Realm of Zot
 57405 | Zot:5    | Found a transporter.
 57405 | Zot:5    | Found a transporter.
 57428 | Zot:5    | Found a runed translucent door.
 57442 | Zot:5    | Found a transporter.
 57447 | Zot:5    | Noticed FizzleBang's ghost (veteran DEVM)
 57471 | Zot:5    | Killed FizzleBang's ghost
 57472 | Zot:5    | Reached skill level 24 in Axes
 57492 | Zot:5    | Found a transporter.
 57519 | Zot:5    | Found a transporter.
 57520 | Zot:5    | Found a transporter.
 57753 | Zot:5    | Reached XP level 26. HP: 157/157 MP: 7/23
 58031 | Zot:5    | Noticed a dread lich
 58034 | Zot:5    | Noticed a dread lich
 58037 | Zot:5    | Noticed an orb of fire
 58038 | Zot:5    | Noticed a Killer Klown
 58038 | Zot:5    | Noticed an ancient lich
 58039 | Zot:5    | Killed a dread lich
 58040 | Zot:5    | Noticed a Killer Klown
 58044 | Zot:5    | Gained mutation: You are agile. (Dex +2) [an orb of fire]
 58046 | Zot:5    | Noticed an orb of fire
 58047 | Zot:5    | Noticed a Killer Klown
 58048 | Zot:5    | Noticed a Killer Klown
 58048 | Zot:5    | Noticed an ancient lich
 58049 | Zot:5    | Noticed a Killer Klown
 58049 | Zot:5    | Noticed a Killer Klown
 58054 | Zot:5    | Killed an orb of fire
 58071 | Zot:5    | HP: 6/158 [Orb Guardian (4)]
 58071 | Zot:5    | Demolished by an Orb Guardian

Illustrated notes

Levels and vault maps discovered:
D:1:      matt_arrival_spirals, layout_basic
D:2:      layout_basic, basic_ecumenical_altar
D:3:      layout_basic, grunt_ministairs_13, uniq_sigmund
D:4:      layout_cave_pools, cheibriados_altar_1
D:5:      layout_loops_cross, lemuel_crystal_altar,
          minmay_temple_entry_stoned_glass, serial_shops, shop_fountains,
          hex_medium, minmay_increasing_density
D:6:      layout_basic, mainiacjoe_overflow_catwalk, lemuel_doored_altar,
          nicolae_gozag_cash_rules_everything_around_me,
          nicolae_ossuary_entry_giza, kennysheep_generic_room_5
D:7:      layout_basic, grunt_qazlal_clouds
D:8:      layout_loops_corners, lemuel_crystal_altar, zin_academy,
          enter_bailey_5
D:9:      layout_gridville, kennysheep_path_1, uniq_harold
D:10:     layout_rooms, mainiacjoe_overflow_cross_hatched,
          grunt_ashenzari_visionary [grunt_ashenzari_visionary_swamp,
          grunt_ashenzari_visionary_spider],
          mainiacjoe_overflow_large_starburst, erik_lair_dragon,
          bh_hangedman_babel_library
D:11:     layout_cave_pools, minivault_13
D:12:     layout_cave_pools, david_orc_1_choice, serial_shops, shop_statue,
          nicolae_trove_entry_path_of_doom, grunt_tough_drop
D:13:     layout_cave_pools, erik_vaults_2, lightli_church_of_beogh, uniq_lodul,
          uniq_urug
D:14:     layout_small_grid, nicolae_tso_carved_into_rock
D:15:     grunt_enter_depths_hoard, layout_long_grid, serial_glass,
          glass_columns_a, glass_columns_a, feat_on_display,
          due_unseen_surprise, feat_on_display, item_on_display_a,
          serial_park_tiny_2, minmay_rotating_lava
Temple:   jpeg_temple_alley_garden
Lair:1:   dragon1_lemuel, layout_gridlike, portal_ice_cave_entry_pillars_2
Lair:2:   layout_chaotic_city, ebering_ghost_rock_garden,
          chequers_serial_rivers_large_b
Lair:3:   layout_chaotic_city, minmay_swamp_entry_worms,
          nicolae_spider_entry_non_spiders, grunt_megastairs_2, uniq_rupert
Lair:4:   gammafunk_lair_enchanted_lake, layout_regular_city,
          gauntlet_entry_generic
Lair:5:   layout_concentric_octagons
Lair:6:   minmay_lair_end_frog_pond, layout_misc_corridors,
          minmay_slime_entry_jelly_boxes, basic_altar
Swamp:1:  layout_falls_marsh, evilmike_swamp_ruin_wall,
          infiniplex_staircase_pool
Swamp:2:  layout_basic_swamp, hangedman_swamp_ruin_wall, uniq_aizul,
          uniq_jorgrun
Swamp:3:  layout_falls_marsh, hangedman_swamp_ruin_hall
Swamp:4:  swamp_old_school, layout_basic_swamp, ebering_ghost_reflecting_pool
Spider:1: layout_spider_delve
Spider:2: layout_spider_delve, nicolae_spider_eight_legs
Spider:3: layout_cave_pods
Spider:4: grunt_spider_rune_circles, drop_trap
Orc:1:    layout_caves, serial_shops, nicolae_shop_window_shopping
Orc:2:    st_orc_open, layout_caves, nicolae_orc_bridge_out, uniq_sonja
Elf:1:    elf_arrival_002, layout_geoelf_octagon, minivault_28,
          grunt_megastairs_1
Elf:2:    elven_hall_of_blades_hangedman_original
          [nicolae_blade_entry_diamond_columns], layout_onion_city,
          serial_shops, nicolae_shop_statue_plus, hangedman_feature_mirror,
          lemuel_upstairs_altar
Elf:3:    minmay_elf_hall_spiked, layout_geoelf_diagonals,
          gammafunk_ghost_split, nicolae_concentric_dashed_squares_wild,
          columned_hall_lemuel, amethyst_killhole
Vaults:1: v_pattern_5, ontoclasm_vaults_claustrophobia, ontoclasm_vaults_bender,
          vaults_room_semicircle, hangedman_vaults_maws, v_misc_23,
          v_alt_pattern_2, vaults_room_door_ring,
          hangedman_vaults_corner_blocks, v_misc_15, ontoclasm_vaults_twist,
          layout_vaults_big_cross, uniq_saint_roka, uniq_zenata
Vaults:2: vaults_room_fancy_cross, nicolae_vaults_theta,
          nicolae_vaults_diagonal_hallway_9, nicolae_vaults_theta, v_misc_31,
          ontoclasm_vaults_chip, vaults_room_guarded_vault, vaults_room_octagon,
          dpeg_vaults_monster_box, vaults_room_corners,
          layout_vaults_chaotic_city
Vaults:3: nicolae_vaults_alarming, ontoclasm_vaults_ligature,
          nicolae_vaults_border_crossing, nicolae_vaults_network_barrier,
          nicolae_vaults_theta, minmay_crypt_entry_simple_plaza,
          vaults_dpeg_spiral, v_misc_27, vaults_dpeg_cross, v_misc_23,
          v_misc_29, vaults_room_boxed, ontoclasm_vaults_gallery,
          vaults_room_stairs_pillars, layout_vaults_maze_bifur, uniq_frederick
Vaults:4: vaults_dpeg_hooks, dpeg_vaults_monster_row,
          vaults_room_hangedman_quadrants, v_rooms_3,
          nicolae_vaults_ninety_degrees, ontoclasm_vaults_idyll,
          nicolae_vaults_specimen_jars, v_misc_3, hangedman_vaults_unwind,
          grunt_vaults_focal, grunt_vaults_diagonal,
          nicolae_vaults_little_squares_4, vaults_room_large_hall,
          hangedman_vaults_trim, layout_vaults_ring, serial_shops,
          nicolae_shop_temple_entry_statues_fountains, uniq_donald, uniq_jory
Vaults:5
Depths:1: layout_honeycomb, fountainhead, hangedman_geh_valley,
          kennysheep_generic_room_13, grunt_megastairs_4
Depths:2: radiant_caverns_a_rkd, hell_entry, pan_entry
Depths:3: minmay_isolated_rectangles_in_corner, layout_small_grid, hell_entry,
          kennysheep_pointless_box, abyss_entry, infiniplex_staircase_river
Depths:4: evilmike_zot_entry_basic, layout_gridlike, enter_ziggurat_e,
          pf_coc_iceberg, serial_shops, shop_fountains,
          nicolae_ashenzari_skybound, minmay_shop_star, uniq_margery
Zot:1:    layout_gridlike
Zot:2:    layout_cellular_growth
Zot:3:    layout_gridlike, grunt_ministairs_13
Zot:4:    grunt_zot_stairs_faceoff, layout_misc_corridors,
          hellmonk_ghost_happy_afterlife, st_stairs_2, grunt_ministairs_4
Zot:5:    layout_misc_corridors, gammafunk_ghost_grave,
          hangedman_zot_decor_tridents, serial_nicolae_subway,
          nicolae_sub_station_stone, nicolae_sub_station_metal,
          nicolae_sub_station_crystal

Skill      XL: |  1  2  3  4  5  6  7  8  9 10 11 12 13 14 15 16 17 18 19 20 21 22 23 24 25 |
---------------+----------------------------------------------------------------------------+-----
Armour         | 1 2 3 7 9 11 12 13 15 17 18 | 18.7
Fighting       | 4 5 6 7 9 10 12 13 15 16 17 18 19 20 | 20.7
Maces & Flails | 4 5 7 8 10 11 13 15 | 15.2
Shields        | 1 3 5 7 9 10 12 13 14 15 16 17 18 19 20 21 22 | 22.6
Axes           | 2 7 10 13 14 16 18 19 20 21 22 23 24 | 24.1
Dodging        | 5 8 10 11 | 11.9
Stealth        | 6 7 |  7.6

Action                   |  1- 3 |  4- 6 |  7- 9 | 10-12 | 13-15 | 16-18 | 19-21 | 22-24 | 25-27 || total
-------------------------+-------+-------+-------+-------+-------+-------+-------+-------+-------++-------
Melee: Mace              |   123 |   165 |       |       |       |       |       |       |       ||   288
       Punch             |       |     4 |       |       |       |       |       |       |       ||     4
       Flail             |       |    12 |   294 |   100 |       |       |       |       |       ||   406
       Eveningstar       |       |       |       |   305 |   232 |   137 |       |       |       ||   674
       Peck              |       |       |       |       |   170 |   199 |       |       |       ||   369
       War axe           |       |       |       |       |   438 |   745 |  1278 |   275 |       ||  2736
       Broad axe         |       |       |       |       |       |       |       |  1042 |   616 ||  1658
       Morningstar       |       |       |       |       |       |       |       |     3 |       ||     3
Throw: Throwing net      |       |       |       |       |     1 |       |       |       |       ||     1
Invok: Ancestor Life: Kn |       |     1 |       |       |       |       |       |       |       ||     1
       Recall Ancestor   |       |       |     1 |       |       |     1 |     2 |     3 |       ||     7
Evoke: Wand              |       |       |       |       |       |     1 |       |       |       ||     1
  Use: Scroll            |       |       |    14 |    15 |     7 |     9 |     3 |    12 |     2 ||    62
       Potion            |       |       |       |     1 |     4 |     8 |     1 |       |       ||    14
 Stab: Sleeping          |     1 |       |       |       |       |       |       |       |       ||     1
       Distracted        |       |       |     1 |     8 |    14 |    17 |    22 |    42 |    21 ||   125
       Confused          |       |       |       |       |       |       |       |       |     4 ||     4
Armor: Robe              |    30 |       |       |       |       |       |       |       |       ||    30
       Ring mail         |    37 |    81 |       |       |       |       |       |       |       ||   118
       Chain mail        |       |    30 |   151 |    63 |   174 |   379 |    60 |       |       ||   857
       Plate armour      |       |       |       |   100 |    35 |       |   367 |    78 |       ||   580
       Pearl dragon scal |       |       |       |       |    60 |       |       |       |       ||    60
       Fire dragon scale |       |       |       |       |     5 |     2 |       |       |       ||     7
       Steam dragon scal |       |       |       |       |    56 |       |       |       |       ||    56
       Gold dragon scale |       |       |       |       |       |       |       |   369 |   209 ||   578
Dodge: Dodged            |   100 |   136 |   125 |   108 |   200 |   110 |   135 |   155 |   126 ||  1195
Block: Kite shield       |       |    10 |   155 |   223 |   529 |       |       |    51 |       ||   968
       Tower shield      |       |       |       |       |    75 |   831 |  1041 |  1215 |   656 ||  3818
       Reflection        |       |       |       |       |    23 |    43 |    22 |    76 |    16 ||   180

Table legend: (Time is in decaauts)
 A = Elapsed time spent in this place.
 B = Non-inter-level travel time spent in this place.
 C = Inter-level travel time spent in this place.
 D = Time resting spent in this place.
 E = Time spent auto-exploring this place.
 F = Levels seen in this place.
 G = Mean time per level.
                   A        B        C        D        E       F      G
               +--------+--------+--------+--------+--------+-----+--------+
         Total |  57605 |  53101 |   4504 |  12239 |  19646 |  53 | 1086.9 |
       Dungeon |  18017 |  16058 |   1959 |   4889 |   6057 |  15 | 1201.1 |
        Temple |    279 |    186 |     93 |      0 |    170 |   1 |  279.0 |
          Lair |   6991 |   6453 |    538 |   1274 |   3374 |   6 | 1165.2 |
         Swamp |   2727 |   2623 |    104 |    707 |    694 |   4 |  681.8 |
   Spider Nest |   3198 |   3057 |    141 |    475 |   1233 |   4 |  799.5 |
  Orcish Mines |   1589 |   1402 |    187 |    115 |    697 |   2 |  794.5 |
   Elven Halls |   2998 |   2756 |    242 |    121 |   1072 |   3 |  999.3 |
        Vaults |  10113 |   9373 |    740 |   2200 |   3126 |   5 | 2022.6 |
        Depths |   5630 |   5290 |    340 |   1272 |   1865 |   4 | 1407.5 |
           Zot |   4739 |   4583 |    156 |    732 |   1325 |   5 |  947.8 |
         Trove |     67 |     67 |      0 |      0 |      0 |   1 |   67.0 |
       Ossuary |    329 |    329 |      0 |     39 |     25 |   1 |  329.0 |
        Bailey |    512 |    512 |      0 |    297 |      7 |   1 |  512.0 |
      Gauntlet |    408 |    408 |      0 |    116 |      0 |   1 |  408.0 |
               +--------+--------+--------+--------+--------+-----+--------+

Top non-repeatable levels by time:
Vaults:1: 2938 daAuts
Vaults:5: 2007 daAuts
Vaults:3: 1811 daAuts
Depths:2: 1744 daAuts
Vaults:2: 1700 daAuts
Vaults:4: 1655 daAuts
    D:12: 1631 daAuts
    D:10: 1611 daAuts
     D:9: 1585 daAuts
Depths:1: 1567 daAuts
     D:3: 1471 daAuts
     D:2: 1440 daAuts
  Lair:5: 1410 daAuts
     D:1: 1339 daAuts
  Lair:1: 1318 daAuts
